 Seeded DCSS version 0.28-a0-1184-g53156a8862 (webtiles) character file.

Game seed: 2169355017488685294 (custom seed)

682809 browni3141 the Skullcrusher (level 27, 0/226 HPs)
             Began as a Formicid Fighter on Dec 17, 2021.
             Was an Elder of Okawaru.
             Killed from afar by an electric golem (7 damage)
             ... with a bolt of lightning
             ... on level 5 of the Realm of Zot.
             The game lasted 02:54:25 (60995 turns).

browni3141 the Skullcrusher (Formicid Fighter)     Turns: 60995, Time: 02:54:26

Health: 0/226      AC: 39    Str: 40 (41) XL:     27
Magic:  31/33      EV:  7    Int: 15 (16) God:    Okawaru [****..]
Gold:   4822       SH:  0    Dex: 10      Spells: 10/40 levels left

rFire   + + .      SeeInvis +   a - +10 dark maul {vorpal}
rCold   + + .      Faith    .   P - +4 tower shield of the Nexus {rElec Int+4 Slay+3}
rNeg    + + .      Spirit   .   v - +14 crystal plate armour
rPois   +          Reflect  .   (helmet unavailable)
rElec   +          Harm     .   c - scarf {repulsion}
rCorr   +          Rampage  +   J - +1 pair of gloves "Sookhlir" {rPois rF+ Int-4 Stlth+}
Will    ++++.                   y - +2 pair of boots {rampage}
Stlth   ..........              x - amulet "Ilecuw" {Will++ Regen+}
HPRegen 1.27/turn               A - ring "Xacemooh" {rPois rC+ rN+ Str+6}
MPRegen 0.23/turn               S - ring "Pegubbokk" {Drain rN+ rCorr Str+4 Int+6}

@: resistant, finesse-ful, marked, held, repel missiles
A: permanent stasis, dig shafts and tunnels, antennae 3, four strong arms,
deformed body, deterioration 2, screaming 1, weak 1
}: 5/15 runes: decaying, slimy, silver, abyssal, gossamer
a: Dig, Shaft Self, Renounce Religion, Heroism, Finesse


You were on level 5 of the Realm of Zot.
You worshipped Okawaru.
Okawaru was greatly pleased with you.
You visited 13 branches of the dungeon, and saw 58 of its levels.
You visited the Abyss 1 time.
You visited 1 bazaar.
You also visited: Trove, Volcano and Wizlab.

You collected 10044 gold pieces.
You spent 5222 gold pieces at shops.

Inventory:

Hand Weapons
 a - the +10 dark maul (weapon) {vorpal}
   (You bought it in a shop on level 5 of the Dungeon)

   It inflicts extra damage upon your enemies.
 b - a +8 vorpal triple crossbow
 V - a +1 antimagic great mace
Missiles
 f - 3 throwing nets
 z - 10 curare-tipped darts (quivered)
 B - 1310 bolts
Armour
 c - a scarf of repulsion (worn)
 v - a +14 crystal plate armour (worn)
 y - a +2 pair of boots of rampaging (worn)
 J - the +1 pair of gloves "Sookhlir" (worn) {rPois rF+ Int-4 Stlth+}
   (You found it on level 1 of the Spider Nest)

   Int:       It affects your intelligence (-4).
   rF:        It protects you from fire.
   rPois:     It protects you from poison.
   Stlth:     It makes you more stealthy.
 L - +0 gold dragon scales
 P - the +4 tower shield of the Nexus (worn) {rElec Int+4 Slay+3}
   (Okawaru gifted it to you on level 3 of the Lair of Beasts)

   Int:       It affects your intelligence (+4).
   Slay:      It affects your accuracy & damage with ranged weapons and melee
   (+3).
   rElec:     It insulates you from electricity.
 U - the +0 pair of boots of the Tick {rPois rN+ Will++}
   (Okawaru gifted it to you on level 2 of the Orcish Mines)

   rPois:     It protects you from poison.
   rN:        It protects you from negative energy.
   Will:      It greatly increases your willpower.
 Z - a +0 pair of boots of flying
Jewellery
 h - the ring of Zephuitauf {rPois rF- rN++ rCorr}
   (You acquired it on level 6 of the Lair of Beasts)

   [ring of resist corrosion]

   rF:        It makes you vulnerable to fire.
   rPois:     It protects you from poison.
   rN:        It greatly protects you from negative energy.
   rCorr:     It protects you from acid and corrosion.
 q - the ring of Balance {rF+ rC+ MP+9}
   (You took it off a deep elf pyromancer on level 3 of the Elven Halls)

   [ring of protection from cold]

   rF:        It protects you from fire.
   rC:        It protects you from cold.
   MP:        It affects your magic capacity (+9).
 x - the amulet "Ilecuw" (around neck) {Will++ Regen+}
   (You found it on level 5 of the Dungeon)

   [amulet of regeneration]

   Regen:     It increases your rate of health regeneration.
   Will:      It greatly increases your willpower.
 A - the ring "Xacemooh" (left hand) {rPois rC+ rN+ Str+6}
   (You took it off a rakshasa on level 3 of the Depths)

   [ring of strength]

   Str:       It affects your strength (+6).
   rC:        It protects you from cold.
   rPois:     It protects you from poison.
   rN:        It protects you from negative energy.
 F - a ring of flight
 K - an amulet of reflection
 M - a +4 ring of protection
 Q - the amulet "Inicrinn" {Harm Regen+}
   (You found it on level 12 of the Dungeon)

   [amulet of regeneration]

   Regen:     It increases your rate of health regeneration.
   Harm:      It increases damage dealt and taken.
 S - the ring "Pegubbokk" (right hand) {Drain rN+ rCorr Str+4 Int+6}
   (You found it on level 5 of the Vaults)

   [ring of intelligence]

   Str:       It affects your strength (+4).
   Int:       It affects your intelligence (+6).
   rN:        It protects you from negative energy.
   rCorr:     It protects you from acid and corrosion.
   Drain:     It drains your maximum health when unequipped.
Wands
 k - a wand of iceblast (22)
Scrolls
 i - 6 scrolls of enchant armour
 l - 4 scrolls of silence
 n - 28 scrolls of identify
 r - 17 scrolls of amnesia
 t - 10 scrolls of immolation
 u - 13 scrolls of vulnerability
 C - 9 scrolls of fog
 D - 10 scrolls of noise
 R - 5 scrolls of fear
 T - 2 scrolls of holy word
 X - 4 scrolls of brand weapon
 Y - 6 scrolls of magic mapping
Potions
 d - 11 potions of attraction
 e - 4 potions of might
 g - 2 potions of ambrosia
 j - 4 potions of mutation
 o - 5 potions of invisibility
 p - 8 potions of brilliance
 s - 5 potions of cancellation
 w - 5 potions of magic
 E - 3 potions of flight
 G - 8 potions of lignification
 H - 4 potions of resistance
 N - 3 potions of berserk rage
 W - 25 potions of curing
Miscellaneous
 I - a condenser vane


   Skills:
 - Level 20.7 Fighting
 O Level 27 Maces & Flails
 * Level 19.0 Crossbows
 - Level 18.2 Armour
 - Level 16.0 Dodging
 - Level 19.4 Shields
 - Level 7.0 Spellcasting
 - Level 5.0 Hexes
 * Level 21.0 Translocations
 - Level 12.0 Invocations


You had 10 spell levels left.
You knew the following spells:

 Your Spells              Type           Power      Damage    Failure   Level
a - Apportation           Tloc           100%       N/A       0%          1
b - Lesser Beckoning      Tloc           62%        N/A       1%          3
c - Manifold Assault      Tloc           62%        N/A       1%          5
d - Passage of Golubria   Tloc           62%        N/A       1%          4
e - Portal Projectile     Hex/Tloc       88%        N/A       1%          3
f - Dispersal             Tloc           31%        N/A       2%          6
g - Disjunction           Tloc           31%        N/A       71%         8

Your spell library contained the following spells:

 Spells                   Type           Power      Damage    Failure   Level
 Gell's Gravitas          Tloc           62%        N/A       1%          3
 Teleport Other           Tloc           62%        N/A       1%          3
 Slow                     Hex            80%        N/A       11%         1
 Iskenderun's Mystic Bla  Conj/Tloc      36%        2d9       12%         4
 Confusing Touch          Hex            20%        N/A       32%         3
 Ensorcelled Hibernation  Hex/Ice        24%        N/A       43%         2
 Foxfire                  Conj/Fire      20%        2x1d5     65%         1
 Magic Dart               Conj           20%        1d4       65%         1
 Pain                     Necr           20%        1d5       65%         1
 Shock                    Conj/Air       20%        1d4       65%         1
 Sting                    Tmut/Pois      20%        1d4       65%         1
 Dazzling Flash           Conj/Hex       24%        N/A       67%         3
 Inner Flame              Hex/Fire       12%        N/A       67%         3
 Cause Fear               Hex            10%        N/A       73%         4
 Passwall                 Tmut/Erth      4%         N/A       78%         2
 Poisonous Vapours        Pois/Air       10%        N/A       78%         2
 Scorch                   Fire           10%        2d5       78%         2
 Searing Ray              Conj           10%        2d4       78%         2
 Static Discharge         Conj/Air       5%         N/A       78%         2
 Sublimation of Blood     Necr           5%         N/A       78%         2
 Wereblood                Tmut           5%         N/A       78%         2
 Conjure Flame            Conj/Fire      5%         6-21      95%         3
 Ignite Poison            Fire/Tmut/Pois 5%         N/A       95%         3
 Mephitic Cloud           Conj/Pois/Air  5%         N/A       95%         3
 Ozocubu's Armour         Ice            5%         N/A       95%         3
 Spider Form              Tmut/Pois      5%         N/A       95%         3
 Stone Arrow              Conj/Erth      10%        3d7       95%         3
 Vampiric Draining        Necr           5%         2d6       95%         3
 Fulminant Prism          Conj/Hex       6%         3d7       97%         4
 Airstrike                Air            2%         N/A       100%        4
 Dispel Undead            Necr           5%         3d7       100%        4
 Flame Wave               Conj/Fire      5%         2d4       100%        4
 Olgreb's Toxic Radiance  Pois           5%         N/A       100%        4
 Sticky Flame             Conj/Fire      5%         2d3       100%        4
 Alistair's Intoxication  Tmut/Pois      3%         N/A       100%        5
 Blade Hands              Tmut           2%         N/A       100%        5
 Borgnjor's Vile Clutch   Necr/Erth      2%         N/A       100%        5
 Excruciating Wounds      Necr           2%         N/A       100%        5
 Fireball                 Conj/Fire      2%         3d4       100%        5
 Freezing Cloud           Conj/Ice/Air   2%         6-21      100%        5
 Iskenderun's Battlesphe  Conj           5%         2d6       100%        5
 Lee's Rapid Deconstruct  Erth           2%         3d6*      100%        5
 Lightning Bolt           Conj/Air       2%         1d14      100%        5
 Metabolic Englaciation   Hex/Ice        6%         N/A       100%        5
 Silence                  Hex/Air        6%         N/A       100%        5
 Yara's Violent Unravell  Hex/Tmut       6%         3d5       100%        5
 Conjure Ball Lightning   Conj/Air       2%         3x3d6     100%        6
 Eringya's Noxious Bog    Tmut/Pois      2%         N/A       100%        6
 Iron Shot                Conj/Erth      2%         9d2       100%        6
 Starburst                Conj/Fire      2%         6d3       100%        6
 Dragon Form              Tmut           2%         N/A       100%        7
 Orb of Destruction       Conj           2%         9d1       100%        7
 Ozocubu's Refrigeration  Ice            2%         4d5       100%        7
 Storm Form               Tmut/Air       2%         N/A       100%        7
 Discord                  Hex            10%        N/A       100%        8
 Lehudib's Crystal Spear  Conj/Erth      2%         10d2      100%        8
 Maxwell's Capacitive Co  Air            2%         ∞         100%        8
 Necromutation            Tmut/Necr      2%         N/A       100%        8
 Blink                    Tloc           Unusable   N/A       N/A         2
 Tukima's Dance           Hex            Unusable   N/A       N/A         3
 Summon Forest            Summ/Tloc      Unusable   N/A       N/A         5
 Swiftness                Air            Unusable   N/A       N/A         3
 Animate Armour           Summ/Erth      Unusable   N/A       N/A         4
 Animate Dead             Necr           Unusable   N/A       N/A         4
 Summon Lightning Spire   Summ/Air       Unusable   N/A       N/A         4
 Death Channel            Necr           Unusable   N/A       N/A         6
 Simulacrum               Ice/Necr       Unusable   N/A       N/A         6
 Summon Cactus Giant      Summ           Unusable   N/A       N/A         6
 Summon Hydra             Summ           Unusable   N/A       N/A         7
 Infestation              Necr           Unusable   N/A       N/A         8
 Dragon's Call            Summ           Unusable   N/A       N/A         9

Dungeon Overview and Level Annotations

Branches:
Dungeon (15/15)            Temple (1/1) D:5            Lair (6/6) D:11
  Swamp (4/4) Lair:3       Spider (4/4) Lair:2        Slime (5/5) Lair:6
    Orc (2/2) D:9             Elf (3/3) Orc:2        Vaults (5/5) D:13
  Crypt (3/3) Vaults:3       Tomb (1/3) Crypt:3      Depths (4/4) D:15
    Zot (5/5) Depths:4    Volcano (visited)          WizLab (visited)

Altars:
Ashenzari
Cheibriados
Dithmenos
Elyvilon
Fedhas
Gozag
Hepliaklqana
Kikubaaqudgha
Makhleb
Nemelex Xobeh
Okawaru
Qazlal
Ru
Sif Muna
Trog
Uskayaw
Vehumet
Wu Jian
Xom
Yredelemnul
Zin
The Shining One
Jiyva

Shops:
D:1 :   D:5 (   D:9 (   D:10 (   Orc:2 [*![   Elf:1 [   Elf:2 [?   Elf:3 *
Vaults:2 *   Vaults:3 *   Vaults:4 (   Depths:1 (::!

Portals:
Hell: Depths:1 Depths:2 Depths:3 Depths:4
Abyss: Depths:1 Depths:3 Depths:4
Pandemonium: Depths:2
Ziggurat: Depths:1

Annotations:
Elf:2 2 runed translucent doors


Innate Abilities, Weirdness & Mutations

You cannot be hasted, slowed, berserked, paralysed or teleported.
You can dig through walls and to a lower floor.
You have a pair of large antennae on your head. (SInv)
Your four strong arms can wield two-handed weapons with a shield.
Armour fits poorly on your strangely shaped body.
Your body often deteriorates upon taking damage.
You occasionally shout uncontrollably at your foes.
You are weak. (Str -2)


Message History

The Orb Guardian barely misses you.
The electric golem hurls lightning at you.
The bolt of lightning hits you. You resist.
* * * LOW HITPOINT WARNING * * *
The yellow draconian hits you but does no damage.
The black draconian knight hits you but does no damage.
The Orb Guardian hits you but does no damage.
The Orb Guardian hits you!!
* * * LOW HITPOINT WARNING * * *
Your body deteriorates!
You feel weakened.
Unknown command.
You feel much better.
The electric golem blinks!
The black draconian knight barely misses you.
The yellow draconian hits you but does no damage.
The white draconian barely misses you. The Orb Guardian hits you!
* * * LOW HITPOINT WARNING * * *
The electric golem hurls lightning at you.
The bolt of lightning misses you. The Orb Guardian hits you!
* * * LOW HITPOINT WARNING * * *
Unknown command.
Unknown command.
You feel much better.
The black draconian knight gestures wildly while chanting.
The black draconian knight flickers and vanishes for a moment.
The electric golem hurls lightning at you.
The bolt of lightning hits you! You resist.
* * * LOW HITPOINT WARNING * * *
The Killer Klown blinks!
The Orb Guardian hits you.
* * * LOW HITPOINT WARNING * * *
The Orb Guardian hits you.
* * * LOW HITPOINT WARNING * * *
The yellow draconian hits you from afar with a +0 trident!
* * * LOW HITPOINT WARNING * * *
The white draconian closely misses you.
The black draconian knight hits you with a +3 great sword of venom.
* * * LOW HITPOINT WARNING * * *
The electric golem crackles and sizzles.
The electric golem hurls lightning at you.
The bolt of lightning hits you! You resist.
You die...

▓▓▓...... ▓▓........
▓▓▓▓▓▓▓▓▓ ▓.........
▓▓.....(.▓▓▓......... ...
▓▓.p..)..^.▓▓.........
....▓.[..[....(.▓.......^.
.§.....(..0(.(9.(....^....
....▓.§dXX......▓.((......
.. ▓▓..q@.d.^!▓▓.........
▓▓.§....^▓▓▓......^..
▓▓▓▓▓▓▓▓▓ #.........
##........ { ##▓......
▓▓▓▓... ▓▓▓▓▓▓▓▓▓#
#▓▓▓▓▓▓▓ ....^^^..###
###..^^[.. ....^##....##
##..).##..)


You could see a Killer Klown, an electric golem, a black draconian knight (fast,
invisible), a yellow draconian, a white draconian and 2 Orb Guardians.

Vanquished Creatures
  the Royal Jelly (Arena)
  3 dread liches
  8 ancient liches
  6 orbs of fire
  A royal mummy (Arena)
  2 juggernauts (Depths:4)
  Bai Suzhen (Depths:2)
  3 Killer Klowns (Zot:5)
  Frederick (Tomb:1)
  Margery (Vaults:4)
  Saint Roka (Vaults:3)
  4 curse toes
  4 caustic shrikes (Depths:4)
  14 golden dragons
  the Enchantress (Depths:3)
  Jory (Crypt:1)
  A bone dragon (Crypt:3)
  Arachne (Spider:4)
  3 electric golems
  Rupert (Lair:4)
  Jorgrun (D:14)
  5 liches
  2 hellephants (Abyss:3)
  A shard shrike skeleton (Abyss:3)
  3 deep elf blademasters
  A walking earthen tome (Depths:4)
  23 Orb Guardians
  2 walking crystal tomes (Depths:4)
  11 quicksilver dragons
  11 tentacled monstrosities
  8 titans
  A walking divine tome (Depths:4)
  8 ancient champions
  2 deep elf master archers (Elf:3)
  A tentacled starspawn (Abyss:3)
  11 acid blobs
  4 walking frostbound tomes (Depths:4)
  9 death cobs
  13 sphinxes
  Gastronok (Lair:2)
  7 revenants
  2 draconian monks (Zot:5)
  3 thorn hunters
  12 shadow dragons
  Donald (Vaults:4)
  12 storm dragons
  6 tengu reavers
  3 azure jellies
  5 rockslimes
  7 fire giants
  A fenstrider witch (shapeshifter) (Vaults:5)
  7 draconian knights
  5 deep elf sorcerers
  7 frost giants
  Louise (Elf:2)
  10 draconian scorchers
  4 orc warlords
  18 vault wardens
  3 emperor scorpions
  5 iron dragons
  11 ghouls
  3 deep elf elementalists
  9 ghost moths
  9 draconian shifters
  3 curse skulls
  A reaper (Crypt:2)
  7 draconian stormcallers
  A war gargoyle (Vaults:5)
  7 draconian annihilators
  11 quicksilver oozes
  4 ironbound thunderhulks
  20 ironbound preservers
  6 spriggan defenders
  17 stone giants
  34 very ugly things
  13 vampire knights
  5 deep elf annihilators
  Azrael (Elf:1)
  4 bennus (Tomb:1)
  6 bunyips
  5 eleionomae
  13 white draconians
  35 dire elephants
  12 green draconians
  10 black draconians
  10 entropy weavers
  A lorocyproca (Abyss:3)
  7 deep elf demonologists
  9 yellow draconians
  7 red draconians
  6 spark wasps
  7 purple draconians
  2 mummy priests (Tomb:1)
  2 crystal guardians (Vaults:3)
  The ghost of jtrev the Blocker, a journeyman GrBe of Trog (Lair:5)
  10 deep elf death magi
  2 eidola (Crypt:3)
  7 yaktaur captains
  15 ettins
  2 deep elf high priests
  A quicksilver dragon zombie (Crypt:2)
  Snorg (Lair:5)
  10 jiangshi
  A shambling mangrove (Swamp:4)
  9 fire dragons
  Fannar (Lair:2)
  15 great orbs of eyes
  3 peacekeepers
  10 boulder beetles
  11 ice dragons
  5 rakshasas
  36 vault guards
  7 hydras
  3 catoblepae (Lair:6)
  5 ghost crabs
  5 ironbound frosthearts
  19 centaur warriors
  6 spriggan air magi
  4 ogre magi
  3 death knights
  46 dancing weapons
  8 alligators
  2 deep troll shamans (Depths:3)
  10 death yaks
  9 deep troll earth magi
  22 two-headed ogres
  5 tengu warriors
  6 vampire magi
  2 thrashing horrors (Abyss:3)
  5 spriggan berserkers
  2 wretched stars (Abyss:3)
  6 hell knights (Vaults:4)
  Sonja (D:13)
  18 deep elf knights
  2 soul eaters
  31 skeletal warriors
  An anaconda zombie (Abyss:3)
  10 iron trolls
  A storm dragon skeleton (Vaults:4)
  3 shadow wraiths
  2 goliath frogs (Swamp:3)
  A spatial maelstrom (Abyss:3)
  2 swamp dragons
  A shadow demon (Depths:2)
  7 flayed ghosts
  52 deep trolls
  8 bog bodies
  An orange crystal statue (Spider:3)
  11 deep elf archers
  A spriggan druid (Swamp:3)
  14 wizards
  15 lindwurms
  3 glowing orange brains
  3 bunyip skeletons
  17 ironbound convokers
  6 phantasmal warriors
  2 large abominations (Abyss:3)
  2 harpies (shapeshifter)
  29 deep elf pyromancers
  7 orc knights
  An eleionoma zombie (Crypt:3)
  10 necromancers
  3 orc sorcerers
  A shining eye (Slime:5)
  18 orb spiders
  A tengu skeleton (Vaults:4)
  13 harpies
  An orb spider (shapeshifter) (D:14)
  5 cyclopes
  26 deep elf zephyrmancers
  58 ugly things
  A faun (shapeshifter) (Vaults:5)
  2 stone giant zombies
  36 wolf spiders
  4 manticores
  A moth of wrath (shapeshifter) (Vaults:3)
  3 will-o-the-wisps
  4 oklob plants (Lair:1)
  35 moths of wrath
  2 rust devils (Depths:2)
  A guardian serpent (Abyss:3)
  20 vault sentinels
  A black mamba (shapeshifter) (D:12)
  A naga zombie (Crypt:1)
  A guardian serpent (shapeshifter) (Elf:3)
  12 elephants
  A stone giant skeleton (Crypt:2)
  10 black mambas
  A dire elephant zombie (Tomb:1)
  2 torpor snails
  3 smoke demons
  An orange demon (Abyss:1)
  2 gargoyles
  A shock serpent skeleton (Crypt:1)
  A pale draconian zombie (Crypt:3)
  A komodo dragon (shapeshifter) (D:14)
  14 cane toads
  2 efreet (Abyss:3)
  A redback zombie (Crypt:2)
  5 freezing wraiths
  2 kobold demonologists (D:13)
  14 demonic crawlers
  2 elves (WizLab)
  6 komodo dragons
  An unseen horror (shapeshifter) (Elf:1)
  A grey draconian zombie (Crypt:1)
  2 rime drakes
  A white draconian skeleton (Crypt:3)
  4 ancient zymes (Abyss:3)
  A pale draconian skeleton (Crypt:2)
  22 yaktaurs
  38 jumping spiders
  8 guardian mummies
  3 meliai (D:15)
  20 hornets
  6 trolls
  A queen bee (D:11)
  A jumping spider (shapeshifter) (Depths:4)
  13 tyrant leeches
  2 polar bears
  A hornet (shapeshifter) (D:14)
  Grinder (D:6)
  8 blink frogs
  A harpy skeleton (Crypt:1)
  2 bloated husks
  A raiju (Abyss:3)
  12 dream sheep
  64 slime creatures
  A blink frog (shapeshifter) (Vaults:3)
  A snapping turtle (shapeshifter) (Depths:4)
  91 redbacks
  Sigmund (D:3)
  An ushabti (Tomb:1)
  2 shadows
  An elf zombie (Vaults:2)
  20 flying skulls
  12 spriggans
  3 air elementals
  38 tarantellas
  8 water elementals
  8 wyverns
  2 ynoxinuls
  3 fire bats (Volcano)
  38 yaks
  9 wraiths
  4 basilisks
  3 humans (WizLab)
  A tyrant leech zombie (Crypt:2)
  2 golden eyes (Slime:2)
  6 fire elementals
  A steam dragon (D:8)
  4 swamp worm simulacra (Swamp:4)
  4 vampire mosquitoes (D:11)
  4 spatial vortices (Abyss:3)
  6 wargs
  A naga (Abyss:3)
  A neqoxec (Abyss:3)
  8 small abominations
  A deep troll zombie (Crypt:1)
  14 swamp worms
  16 hydra simulacra (Swamp:4)
  19 water moccasins
  3 hell hounds (Elf:1)
  3 acid dragons
  3 floating eyes
  A faun skeleton (Crypt:2)
  A naga skeleton (Crypt:2)
  2 human skeletons (Vaults:2)
  4 sky beasts
  A swamp drake (Swamp:2)
  2 ice beasts (D:8)
  A sky beast (shapeshifter) (Depths:4)
  23 orc warriors
  2 black bears
  33 ogres
  3 necrophages
  6 wolves (Lair:1)
  A boggart (D:14)
  8 centaurs
  A dream sheep skeleton (Crypt:3)
  10 kobold brigands
  Blork the orc (D:5)
  12 bullfrogs
  A yaktaur skeleton (Crypt:2)
  A gnoll sergeant (D:9)
  A naga simulacrum (Crypt:2)
  An earth elemental (Elf:1)
  A scorpion (D:7)
  A water moccasin zombie (D:6)
  A water moccasin skeleton (D:7)
  2 spriggan zombies
  10 wights
  An electric eel (Spider:1)
  5 howler monkeys
  A lava snake (D:11)
  4 bullfrog zombies
  3 centaur zombies
  3 hounds
  A black bear zombie (Crypt:1)
  9 orc priests
  A bullfrog skeleton (D:6)
  3 centaur skeletons
  Ijyb (D:4)
  16 orc wizards
  A tengu zombie (Crypt:1)
  A hound skeleton (Crypt:3)
  19 mummies
  Robin (D:4)
  2 howler monkey zombies
  7 gnolls
  A steam dragon zombie (Crypt:3)
  4 adders
  3 white imps
  3 swamp drake simulacra (Swamp:4)
  2 ufetubi
  An iguana zombie (Crypt:3)
  A worm (D:4)
  2 dart slugs (D:4)
  58 orcs
  7 ball pythons
  5 bats
  A bat skeleton (Crypt:3)
  5 endoplasms
  3 giant cockroaches
  17 goblins
  12 hobgoblins
  9 jackals (D:1)
  A quokka (D:4)
  3 training dummies (D:10)
  5 frilled lizards
  A hobgoblin zombie (Crypt:1)
  30 kobolds
  A quokka zombie (Crypt:1)
  4 rats
  A rat skeleton (Crypt:2)
  A briar patch (Swamp:4)
2437 creatures vanquished.

Vanquished Creatures (others)
  A walking crystal tome (Depths:3)
  A two-headed ogre (Volcano)
  A wizard (Vaults:4)
  A bloated husk (Swamp:3)
  A centaur (Volcano)
  A swamp drake simulacrum (Swamp:4)
  2 briar patches (Swamp:4)
  14 foxfires
  12 fungi
  48 plants
  17 withered plants (D:3)
99 creatures vanquished.

Grand Total: 2536 creatures vanquished

Notes
Turn   | Place    | Note
-------+----------+-------------------------------------------
     0 | D:1      | browni3141 the Formicid Fighter began the quest for the
                  | Orb.
     0 | D:1      | Reached XP level 1. HP: 18/18 MP: 1/1
   240 | D:1      | Reached XP level 2. HP: 23/24 MP: 2/2
   412 | D:1      | Reached skill level 3 in Maces & Flails
   542 | D:1      | Reached XP level 3. HP: 29/29 MP: 3/3
   628 | D:1      | Found Mame's Book Emporium.
  1297 | D:2      | Reached skill level 4 in Maces & Flails
  1297 | D:2      | Reached XP level 4. HP: 33/35 MP: 4/4
  2348 | D:3      | Found a faded altar of an unknown god.
  2684 | D:3      | Reached XP level 5. HP: 32/41 MP: 5/5
  2823 | D:3      | Noticed Sigmund
  2836 | D:3      | Killed Sigmund
  2837 | D:3      | Reached skill level 6 in Maces & Flails
  2837 | D:3      | Reached XP level 6. HP: 32/47 MP: 6/6
  3153 | D:4      | Noticed a black bear
  3635 | D:4      | Killed a black bear
  3636 | D:4      | Reached XP level 7. HP: 45/52 MP: 7/7
  3951 | D:4      | Noticed Robin
  3967 | D:4      | Killed Robin
  3968 | D:4      | Reached skill level 7 in Maces & Flails
  4134 | D:4      | Noticed Ijyb
  4448 | D:4      | Killed Ijyb
  4635 | D:5      | Entered Level 5 of the Dungeon
  4635 | D:5      | Found Gyddenya's Antique Weapon Shop.
  4708 | D:5      | Reached skill level 1 in Dodging
  4763 | D:5      | Identified the amulet "Ilecuw" {Will++ Regen+}
  4873 | D:5      | Found a staircase to the Ecumenical Temple.
  4883 | D:5      | Reached XP level 8. HP: 52/60 MP: 8/8
  4889 | Temple   | Entered the Ecumenical Temple
  5053 | Temple   | Became a worshipper of Warmaster Okawaru
  5219 | D:5      | Noticed Blork the orc
  5238 | D:5      | Killed Blork the orc
  5571 | D:6      | Reached * piety under Okawaru
  5585 | D:6      | Reached skill level 8 in Maces & Flails
  5585 | D:6      | Reached skill level 5 in Shields
  5750 | D:6      | Reached skill level 5 in Fighting
  5750 | D:6      | Reached skill level 5 in Armour
  5750 | D:6      | Reached XP level 9. HP: 66/68 MP: 9/9
  5815 | D:6      | Noticed Grinder
  5841 | D:6      | Killed Grinder
  6416 | D:6      | Identified 2 scrolls of acquirement
  6497 | D:7      | Reached ** piety under Okawaru
  6498 | D:7      | Reached skill level 9 in Maces & Flails
  7065 | D:8      | Reached XP level 10. HP: 76/76 MP: 10/10
  7118 | D:8      | Reached *** piety under Okawaru
  7119 | D:8      | Reached skill level 10 in Maces & Flails
  7627 | D:8      | Found a large runed translucent door.
  7628 | D:8      | Found a large runed translucent door.
  7809 | D:8      | Found a white marble altar of Elyvilon.
  7817 | D:8      | Found a sacrificial altar of Ru.
  7977 | D:9      | Reached skill level 5 in Dodging
  8205 | D:9      | Reached **** piety under Okawaru
  8317 | D:9      | Found a staircase to the Orcish Mines.
  8317 | D:9      | Found Ablouts's Hydra Hut.
  8431 | D:9      | Noticed a six-headed hydra
  8612 | D:8      | Acquired a +0 tower shield of protection
  8634 | D:8      | Acquired a manual of Maces & Flails
  8636 | D:8      | Acquired 822 gold pieces
  8786 | D:8      | Reached skill level 11 in Maces & Flails
  8803 | D:9      | Reached skill level 1 in Invocations
  9060 | Orc:1    | Entered Level 1 of the Orcish Mines
  9060 | Orc:1    | Noticed an orc sorcerer
  9067 | Orc:1    | Noticed a smoke demon
  9127 | D:10     | Entered Level 10 of the Dungeon
  9154 | D:10     | Reached XP level 11. HP: 59/84 MP: 12/12
  9210 | D:10     | Noticed a two-headed ogre
  9281 | D:10     | Killed a two-headed ogre
  9281 | D:10     | Reached ***** piety under Okawaru
  9780 | D:10     | Found Qal Uvil's Firing Range.
  9831 | D:10     | Reached skill level 12 in Maces & Flails
  9886 | D:10     | Found a portal to a secret trove of treasure.
  9906 | Trove    | Entered a treasure trove
  9908 | Trove    | Found a bloodstained altar of Trog.
  9908 | Trove    | Found the +8 Vampire's Tooth {vamp}
  9923 | Trove    | Identified the +2 great sword of Raelaidi {flame, rPois rF+
                  | rN+ Int+4}
  9939 | Trove    | Identified the +5 glaive of Past Mistakes {vorpal, rElec
                  | Str+2}
 10255 | D:11     | Noticed a two-headed ogre
 10415 | D:11     | Killed a two-headed ogre
 10555 | D:11     | Reached skill level 5 in Invocations
 10608 | D:11     | Noticed a cyclops
 10639 | D:11     | Killed a cyclops
 10730 | D:11     | Found a staircase to the Lair.
 10766 | D:11     | Noticed a manticore
 10770 | D:11     | a manticore changed into a queen bee
 10818 | D:11     | Found a hide-covered altar of Uskayaw.
 10861 | D:11     | Reached skill level 13 in Maces & Flails
 11171 | D:12     | Noticed an eight-headed hydra
 11191 | D:12     | Killed an eight-headed hydra
 11230 | D:12     | Noticed a manticore
 11238 | D:12     | Killed a manticore
 11239 | D:12     | Reached XP level 12. HP: 90/94 MP: 15/15
 11278 | D:12     | Identified the amulet "Inicrinn" {Harm Regen+}
 11329 | D:12     | Noticed a skeletal warrior
 11331 | D:12     | Noticed a skeletal warrior
 11331 | D:12     | Noticed a skeletal warrior
 11331 | D:12     | Noticed a skeletal warrior
 11342 | D:12     | Killed a skeletal warrior
 11345 | D:12     | Killed a skeletal warrior
 11346 | D:12     | Reached skill level 14 in Maces & Flails
 11357 | D:12     | Killed a skeletal warrior
 11362 | D:12     | Killed a skeletal warrior
 11413 | D:12     | Noticed a skeletal warrior
 11425 | D:12     | Killed a skeletal warrior
 11426 | D:12     | Reached skill level 10 in Shields
 11622 | D:12     | Noticed a boulder beetle
 11641 | D:12     | Killed a boulder beetle
 11767 | D:12     | Noticed a two-headed ogre
 11790 | D:12     | Killed a two-headed ogre
 11791 | D:12     | Reached skill level 15 in Maces & Flails
 12173 | Orc:1    | Noticed a sun demon
 12374 | Orc:2    | Entered Level 2 of the Orcish Mines
 12374 | Orc:2    | Noticed a two-headed ogre
 12374 | Orc:2    | Noticed a two-headed ogre
 12374 | Orc:2    | Noticed a two-headed ogre
 12545 | Orc:1    | Reached XP level 13. HP: 101/103 MP: 16/16
 12578 | Orc:1    | Noticed an orc warlord
 12615 | Orc:1    | Killed an orc warlord
 12616 | Orc:1    | Reached skill level 10 in Fighting
 12616 | Orc:1    | Reached skill level 16 in Maces & Flails
 12989 | Orc:1    | Received a gift from Okawaru
 13086 | Orc:2    | Noticed an ogre mage
 13284 | Orc:1    | Reached ****** piety under Okawaru
 13312 | Orc:1    | Killed an ogre mage
 13370 | Orc:2    | Identified the +10 quarterstaff of Desertification {speed,
                  | rElec rCorr MP-9 Int+4} (Okawaru gifted it to you on level
                  | 2 of the Orcish Mines)
 13370 | Orc:2    | Received a gift from Okawaru
 13376 | Orc:2    | Reached skill level 17 in Maces & Flails
 13502 | Orc:2    | Noticed an ogre mage
 13503 | Orc:2    | Noticed an ogre mage
 13527 | Orc:2    | Killed an ogre mage
 13532 | Orc:2    | Killed an ogre mage
 13532 | Orc:2    | Identified the +0 pair of boots of the Tick {rPois rN+
                  | Will++} (Okawaru gifted it to you on level 2 of the Orcish
                  | Mines)
 13532 | Orc:2    | Received a gift from Okawaru
 13535 | Orc:2    | Reached XP level 14. HP: 111/111 MP: 20/20
 13584 | Orc:2    | Found a staircase to the Elven Halls.
 13725 | Orc:2    | Found Vexzila's Antique Armour Boutique.
 13725 | Orc:2    | Found Teebid's Assorted Antiques.
 13726 | Orc:2    | Found Dungor's Distillery.
 13726 | Orc:2    | Found Hazijaodorgh's Antique Armour Shop.
 13734 | Orc:2    | Bought a potion of heal wounds for 80 gold pieces
 14158 | Orc:2    | Bought a potion of curing for 54 gold pieces
 14158 | Orc:2    | Bought a potion of heal wounds for 90 gold pieces
 14158 | Orc:2    | Bought a scroll of identify for 36 gold pieces
 14160 | Orc:2    | Bought a dark potion for 16 gold pieces
 14261 | D:5      | Bought the +10 dark maul {vorpal} for 2001 gold pieces
 14261 | D:5      | Found the +10 dark maul {vorpal}
 14352 | Lair:1   | Entered Level 1 of the Lair of Beasts
 14731 | Lair:1   | Found a dark tunnel.
 14737 | Volcano  | Entered a volcano
 15695 | Lair:1   | Reached skill level 10 in Invocations
 15982 | Lair:1   | Received a gift from Okawaru
 16088 | Lair:2   | Reached skill level 18 in Maces & Flails
 16089 | Lair:2   | Found a hole to the Spider Nest.
 16089 | Lair:2   | Noticed Gastronok
 16099 | Lair:2   | Killed Gastronok
 16395 | Lair:2   | Noticed Fannar
 16441 | Lair:2   | Killed Fannar
 16675 | Lair:3   | Found a staircase to the Swamp.
 16705 | Lair:3   | Reached skill level 15 in Shields
 16913 | Lair:3   | Identified the +4 tower shield of the Nexus {rElec Int+4
                  | Slay+3} (Okawaru gifted it to you on level 3 of the Lair of
                  | Beasts)
 16913 | Lair:3   | Received a gift from Okawaru
 16915 | Lair:3   | Reached XP level 15. HP: 112/118 MP: 22/22
 17784 | Lair:4   | Noticed Rupert
 17805 | Lair:4   | Killed Rupert
 17806 | Lair:4   | Reached skill level 19 in Maces & Flails
 18358 | Lair:5   | Noticed Snorg
 18979 | Lair:5   | Killed Snorg
 19021 | Lair:5   | Reached skill level 20 in Maces & Flails
 19123 | Lair:5   | Found a runed translucent door.
 19124 | Lair:5   | Noticed jtrev's ghost (journeyman GrBe)
 19131 | Lair:5   | Killed jtrev's ghost
 19199 | Lair:6   | Entered Level 6 of the Lair of Beasts
 19289 | Lair:6   | Found a staircase to the Slime Pits.
 19290 | Lair:6   | Found a viscous altar of Jiyva.
 19353 | Lair:6   | Received a gift from Okawaru
 19452 | Lair:6   | Found a hide-covered altar of Uskayaw.
 19452 | Lair:6   | Found an ornate altar of the Wu Jian Council.
 19806 | Lair:6   | Reached XP level 16. HP: 125/125 MP: 23/23
 19809 | Lair:6   | Reached skill level 21 in Maces & Flails
 19942 | Lair:6   | Identified the +6 mace "Umiory" {speed, Int+3}
 20111 | Spider:1 | Entered Level 1 of the Spider Nest
 20193 | Arena    | Entered the Arena
 20673 | Spider:1 | Identified the +10 eveningstar of Collusion {vorpal,
                  | *Corrode rElec rF+ rC+} (Okawaru gifted it to you on level
                  | 1 of the Spider Nest)
 20673 | Spider:1 | Received a gift from Okawaru
 20727 | Spider:1 | Reached skill level 22 in Maces & Flails
 20855 | Spider:1 | Identified the +1 pair of gloves "Sookhlir" {rPois rF+
                  | Int-4 Stlth+}
 21407 | Spider:2 | Identified the +5 longbow "Larpheho" {flame, MP+9 SInv}
                  | (Okawaru gifted it to you on level 2 of the Spider Nest)
 21407 | Spider:2 | Received a gift from Okawaru
 22039 | Spider:3 | Reached skill level 23 in Maces & Flails
 22090 | Spider:3 | Reached XP level 17. HP: 70/131 MP: 24/24
 22628 | Spider:3 | Received a gift from Okawaru
 22766 | Spider:3 | Received a gift from Okawaru
 23187 | Spider:3 | Reached skill level 24 in Maces & Flails
 23380 | Spider:4 | Entered Level 4 of the Spider Nest
 23493 | Spider:4 | Noticed Arachne
 23508 | Spider:4 | Killed Arachne
 23508 | Spider:4 | Received a gift from Okawaru
 24139 | Spider:4 | Reached XP level 18. HP: 141/141 MP: 15/25
 24321 | Spider:4 | Got a gossamer rune of Zot
 24582 | Swamp:1  | Entered Level 1 of the Swamp
 25150 | Swamp:1  | Noticed a tentacled monstrosity
 25158 | Swamp:1  | Killed a tentacled monstrosity
 25159 | Swamp:1  | Reached skill level 25 in Maces & Flails
 26200 | Swamp:3  | Identified the +5 demon trident "Hydra's Death Toll"
                  | {flame, rC+ Str+2 Dex+3 SInv} (Okawaru gifted it to you on
                  | level 3 of the Swamp)
 26200 | Swamp:3  | Received a gift from Okawaru
 26745 | Swamp:4  | Entered Level 4 of the Swamp
 27035 | Swamp:4  | Reached XP level 19. HP: 91/151 MP: 28/28
 27169 | Swamp:4  | Received a gift from Okawaru
 27436 | Swamp:4  | Identified the +3 scale mail of Lethargy {Harm Fly Dex+4}
 27913 | Swamp:4  | Got a decaying rune of Zot
 28171 | Slime:1  | Entered Level 1 of the Pits of Slime
 28572 | D:13     | Reached skill level 26 in Maces & Flails
 28684 | D:13     | Noticed Sonja
 28694 | D:13     | Killed Sonja
 28950 | D:13     | Found a gate to the Vaults.
 29484 | D:9      | Bought a +0 arbalest of freezing for 141 gold pieces
 29572 | D:14     | Noticed Jorgrun
 29839 | D:14     | Killed Jorgrun
 29839 | D:14     | Received a gift from Okawaru
 30146 | D:15     | Entered Level 15 of the Dungeon
 30717 | D:15     | Found a staircase to the Depths.
 30925 | Depths:1 | Entered Level 1 of the Depths
 30935 | Depths:1 | Found Ceug's Weapon Shop.
 30935 | Depths:1 | Found a one-way gateway to a ziggurat.
 31130 | Depths:1 | Found a glowing golden altar of the Shining One.
 31157 | Depths:1 | Found Tuvy's Book Shop.
 31287 | Depths:1 | Found Ucaop's Book Shoppe.
 31309 | Depths:1 | Found Elywiora's Distillery.
 31325 | Depths:1 | Bought a potion of lignification for 57 gold pieces
 31325 | Depths:1 | Bought a potion of curing for 57 gold pieces
 31325 | Depths:1 | Bought a potion of resistance for 190 gold pieces
 31325 | Depths:1 | Bought a potion of lignification for 57 gold pieces
 31325 | Depths:1 | Bought a potion of resistance for 190 gold pieces
 31325 | Depths:1 | Bought 2 potions of heal wounds for 190 gold pieces
 31325 | Depths:1 | Bought a potion of cancellation for 152 gold pieces
 31402 | Depths:1 | Reached skill level 27 in Maces & Flails
 31460 | Depths:1 | Reached skill level 1 in Crossbows
 31476 | Depths:1 | Found a gateway to Hell.
 31664 | Depths:1 | Found a one-way gate to the infinite horrors of the Abyss.
 31683 | Depths:1 | Found a hide-covered altar of Uskayaw.
 31797 | Depths:2 | Reached XP level 20. HP: 103/156 MP: 29/29
 31862 | Depths:2 | Found a one-way gate leading to the halls of Pandemonium.
 31888 | Depths:2 | Received a gift from Okawaru
 31891 | Depths:2 | Noticed Bai Suzhen
 31899 | Depths:2 | Killed Bai Suzhen
 31978 | Depths:2 | Found a flickering gateway to a bazaar.
 31993 | Bazaar   | Entered a bazaar
 31993 | Bazaar   | Found Mawurr's Jewellery Shop.
 31993 | Bazaar   | Found Xodaskai's Armour Shop.
 31993 | Bazaar   | Found Vairphalu's Antique Weapon Shoppe.
 31995 | Bazaar   | Found Ulyulunoxi's General Store.
 31995 | Bazaar   | Found Damah's Antique Armour Boutique.
 32035 | Bazaar   | Bought a scarf of repulsion for 156 gold pieces
 32048 | Bazaar   | Bought a scroll of brand weapon for 180 gold pieces
 32716 | Depths:2 | Found a blossoming altar of Fedhas.
 32765 | Depths:2 | Noticed a tentacled monstrosity
 32783 | Depths:2 | Killed a tentacled monstrosity
 32787 | Depths:2 | Identified the ring of Ydyr {Str+3 Int+6}
 32788 | Depths:2 | Identified the +5 glaive of Disarray {protect, rC- MP+9
                  | Str+3}
 32789 | Depths:2 | Identified the +2 dagger "Heluapsai" {speed, rElec}
 32794 | Depths:2 | Identified the +8 dagger of Rop Sopn {drain, rElec rF-
                  | Will+++ Int+4}
 32937 | Depths:2 | Reached skill level 5 in Crossbows
 33256 | Depths:3 | Noticed a golden dragon
 33777 | Depths:3 | Noticed the Enchantress
 33801 | Depths:3 | Killed the Enchantress
 33801 | Depths:3 | Received a gift from Okawaru
 33802 | Depths:3 | Reached skill level 10 in Armour
 33983 | Depths:3 | Identified the ring "Xacemooh" {rPois rC+ rN+ Str+6}
 34001 | Depths:3 | Reached XP level 21. HP: 91/167 MP: 30/30
 34130 | Depths:3 | Received a gift from Okawaru
 34319 | Depths:3 | Reached skill level 15 in Fighting
 34645 | Depths:3 | Killed a golden dragon
 34987 | Depths:3 | Noticed a golden dragon
 34996 | Depths:3 | Killed a golden dragon
 34997 | Depths:3 | Reached skill level 10 in Dodging
 35108 | Depths:4 | Entered Level 4 of the Depths
 35231 | Depths:4 | Noticed a golden dragon
 35238 | Depths:4 | Killed a golden dragon
 35387 | Depths:4 | Noticed a caustic shrike
 35393 | Depths:4 | Killed a caustic shrike
 35429 | Depths:4 | Found a gate to the Realm of Zot.
 35432 | Depths:4 | Received a gift from Okawaru
 35712 | Depths:4 | Found a snail-covered altar of Cheibriados.
 35713 | Depths:4 | Found an opulent altar of Gozag.
 35713 | Depths:4 | Found an iron altar of Okawaru.
 35724 | Depths:4 | Noticed a caustic shrike
 35726 | Depths:4 | Killed a caustic shrike
 35760 | Depths:4 | Noticed a golden dragon
 35768 | Depths:4 | Killed a golden dragon
 35807 | Depths:4 | Noticed a golden dragon
 35809 | Depths:4 | Killed a golden dragon
 35939 | Depths:4 | Reached XP level 22. HP: 177/177 MP: 25/31
 35943 | Depths:4 | Noticed a caustic shrike
 35944 | Depths:4 | Killed a caustic shrike
 35945 | Depths:4 | Identified the +2 plate armour of Vaunehui {Str+4 Dex+3
                  | Stlth+} (Okawaru gifted it to you on level 4 of the Depths)
 35945 | Depths:4 | Received a gift from Okawaru
 36083 | Depths:4 | Noticed a juggernaut
 36085 | Depths:4 | Noticed a caustic shrike
 36094 | Depths:4 | Killed a caustic shrike
 36098 | Depths:4 | Killed a juggernaut
 36291 | Depths:4 | Noticed a golden dragon
 36295 | Depths:4 | Killed a golden dragon
 36364 | Depths:4 | Noticed a juggernaut
 36366 | Depths:4 | Killed a juggernaut
 36389 | Depths:4 | Received a gift from Okawaru
 36782 | Vaults:1 | Entered Level 1 of the Vaults
 37107 | Vaults:1 | Reached skill level 10 in Crossbows
 37474 | Vaults:1 | Reached XP level 23. HP: 129/186 MP: 32/32
 37948 | Vaults:1 | Received a gift from Okawaru
 38356 | Arena    | Entered the Arena
 38641 | Vaults:2 | Found Idesoad's General Store.
 38786 | Vaults:2 | Bought a potion of curing for 54 gold pieces
 38786 | Vaults:2 | Bought a potion of invisibility for 144 gold pieces
 38885 | Vaults:2 | Received a gift from Okawaru
 39489 | Vaults:2 | Learned a level 1 spell: Apportation
 39973 | D:1      | Bought a book of Spatial Translocations for 338 gold pieces
 39977 | D:1      | Learned a level 3 spell: Lesser Beckoning
 39983 | D:1      | Learned a level 5 spell: Manifold Assault
 39983 | D:1      | Bought Great Wizards, Vol. VII for 390 gold pieces
 39988 | D:1      | Learned a level 4 spell: Passage of Golubria
 40304 | Vaults:3 | Noticed Saint Roka
 40331 | Vaults:3 | Killed Saint Roka
 40406 | Vaults:3 | Reached skill level 1 in Spellcasting
 40423 | Vaults:3 | Reached skill level 1 in Translocations
 40486 | Vaults:3 | Found Ves Fiz's Assorted Antiques.
 40493 | Vaults:3 | Bought a scroll of enchant armour for 150 gold pieces
 40493 | Vaults:3 | Bought a scroll of enchant armour for 150 gold pieces
 40502 | Vaults:3 | Received a gift from Okawaru
 40516 | Vaults:3 | Reached XP level 24. HP: 150/197 MP: 27/32
 40545 | Arena    | Entered the Arena
 40596 | Vaults:3 | Reached skill level 15 in Dodging
 40599 | Vaults:3 | Noticed a golden dragon
 40604 | Vaults:3 | Killed a golden dragon
 40900 | Vaults:3 | Reached skill level 15 in Armour
 41204 | Vaults:3 | Found a staircase to the Crypt.
 41408 | Vaults:3 | Received a gift from Okawaru
 41715 | Vaults:3 | Got the Catalogue of Conjuration
 41742 | Vaults:3 | Identified the +6 long sword of the Slime-mould {holy,
                  | rPois rN+ Int-2 SInv}
 42067 | Vaults:4 | Received a gift from Okawaru
 42143 | Vaults:4 | Noticed Donald
 42145 | Vaults:4 | Killed Donald
 42238 | Vaults:4 | Reached skill level 5 in Spellcasting
 42361 | Vaults:4 | Received a gift from Okawaru
 42368 | Vaults:4 | Reached XP level 25. HP: 133/205 MP: 32/32
 42472 | Vaults:4 | Reached skill level 5 in Translocations
 42570 | Vaults:4 | Found Goonk's Antique Weapon Boutique.
 42955 | Vaults:4 | Noticed Margery
 42959 | Vaults:4 | Killed Margery
 43154 | Vaults:5 | Entered Level 5 of the Vaults
 43524 | Elf:1    | Entered Level 1 of the Elven Halls
 43915 | Elf:1    | Found Behink's Antique Armour Shop.
 43929 | Elf:1    | Noticed Azrael
 43934 | Elf:1    | Killed Azrael
 44822 | Elf:2    | Received a gift from Okawaru
 45018 | Elf:2    | Found Igez's Armour Shop.
 45030 | Elf:2    | Found Qamp's Magic Scroll Shop.
 45044 | Elf:2    | Bought a scroll of enchant armour for 105 gold pieces
 45044 | Elf:2    | Bought a scroll of fog for 28 gold pieces
 45192 | Elf:2    | Found a large runed translucent door.
 45192 | Elf:2    | Found a large runed translucent door.
 45218 | Elf:2    | Found a large runed translucent door.
 45218 | Elf:2    | Found a large runed translucent door.
 45565 | Elf:2    | Noticed Louise
 45584 | Elf:2    | Received a gift from Okawaru
 45595 | Elf:2    | Killed Louise
 45995 | Elf:3    | Entered Level 3 of the Elven Halls
 46016 | Elf:3    | Reached XP level 26. HP: 209/216 MP: 33/33
 46074 | Arena    | Entered the Arena
 46512 | Elf:3    | Identified the ring of Balance {rF+ rC+ MP+9}
 46619 | Elf:3    | Got the Almanac of Mutagenic Bewitchment
 46623 | Elf:3    | Got the Compendium of the Excruciating Glacier
 46750 | Elf:3    | Found Miaxi's Assorted Antiques.
 46755 | Elf:3    | Bought a potion of heal wounds for 135 gold pieces
 46755 | Elf:3    | Bought a potion of curing for 81 gold pieces
 47212 | Elf:3    | Identified the +1 cloak of Hubris {rPois rF- Dex-4 SInv}
 48077 | Vaults:5 | Identified the +2 scale mail of Denaw {-Tele rElec rN++
                  | MP+9} (Okawaru gifted it to you on level 5 of the Vaults)
 48077 | Vaults:5 | Received a gift from Okawaru
 48336 | Vaults:5 | Identified the ring "Pegubbokk" {Drain rN+ rCorr Str+4
                  | Int+6}
 48353 | Vaults:5 | Got the Compendium of the Shifting Traveller
 48496 | Vaults:5 | Noticed an ancient lich
 48505 | Vaults:5 | Killed an ancient lich
 48659 | Vaults:5 | Got a silver rune of Zot
 49018 | Vaults:5 | Reached XP level 27. HP: 226/226 MP: 33/33
 49026 | Vaults:5 | Reached skill level 10 in Translocations
 49167 | Vaults:5 | Identified the ring "Urunexeu" {Fire Stlth+}
 49208 | Vaults:5 | Identified the ring "Dunaor" {rF+ Int+3}
 49557 | Depths:1 | Voluntarily entered the Abyss.
 49700 | Abyss:3  | Found a corrupted altar of Lugonu.
 49704 | Abyss:3  | Got an abyssal rune of Zot
 49750 | Abyss:3  | Received a gift from Okawaru
 49801 | Depths:1 | Escaped the Abyss
 50232 | Crypt:1  | Entered Level 1 of the Crypt
 50329 | Crypt:1  | Received a gift from Okawaru
 50660 | Crypt:1  | Noticed Jory
 50665 | Crypt:1  | Killed Jory
 50752 | Arena    | Entered the Arena
 51255 | Crypt:2  | Identified the +0 pair of boots "Motsy" {rElec rPois Dex-2}
                  | (Okawaru gifted it to you on level 2 of the Crypt)
 51255 | Crypt:2  | Received a gift from Okawaru
 51696 | Crypt:3  | Entered Level 3 of the Crypt
 51830 | Arena    | Entered the Arena
 51904 | Crypt:3  | Reached skill level 15 in Translocations
 51932 | Crypt:3  | Found a magical portal.
 51988 | WizLab   | Entered Cigotuvi's Fleshworks
 52349 | Crypt:3  | Found a staircase to the Tomb.
 52616 | Crypt:3  | Noticed an ancient lich
 52616 | Crypt:3  | Noticed an ancient lich
 52617 | Crypt:3  | Noticed an ancient lich
 52617 | Crypt:3  | Noticed an ancient lich
 52624 | Crypt:3  | Got the Volume of Stolen Souls
 52625 | Arena    | Entered the Arena
 52629 | Arena    | Killed an ancient lich
 52636 | Arena    | Entered the Arena
 52638 | Arena    | Killed an ancient lich
 52648 | Crypt:3  | Killed an ancient lich
 52653 | Crypt:3  | Killed an ancient lich
 52653 | Crypt:3  | Received a gift from Okawaru
 52762 | Tomb:1   | Entered Level 1 of the Tomb of the Ancients
 53116 | Tomb:1   | Noticed Frederick
 53126 | Tomb:1   | Killed Frederick
 53220 | Tomb:1   | Noticed a royal mummy
 53221 | Arena    | Entered the Arena
 53224 | Arena    | Killed a royal mummy
 54181 | Slime:3  | Received a gift from Okawaru
 54211 | Slime:5  | Entered Level 5 of the Pits of Slime
 54957 | Slime:5  | Found a viscous altar of Jiyva.
 54984 | Slime:5  | Noticed the Royal Jelly
 54986 | Arena    | Entered the Arena
 54995 | Arena    | Killed the Royal Jelly
 55116 | Slime:5  | Gained mutation: You occasionally shout uncontrollably at
                  | your foes. [a shining eye]
 55118 | Slime:5  | Gained mutation: Your body sometimes deteriorates upon
                  | taking damage. [a shining eye]
 55140 | Slime:5  | Got a slimy rune of Zot
 55141 | Slime:5  | Identified the +0 buckler of the Barnacle {rElec Str-5
                  | Dex+6}
 55172 | Slime:5  | Identified the +3 falchion of Bloodstone {vorpal, rC+ Will+
                  | Str+2 Int-5}
 55280 | Lair:6   | Learned a level 3 spell: Portal Projectile
 55287 | Lair:6   | Learned a level 6 spell: Dispersal
 55725 | Zot:1    | Entered Level 1 of the Realm of Zot
 55734 | Zot:1    | Reached skill level 1 in Hexes
 55766 | Zot:1    | Received a gift from Okawaru
 55889 | Zot:1    | Received a gift from Okawaru
 56333 | Zot:1    | Received a gift from Okawaru
 56488 | Zot:1    | Reached skill level 5 in Hexes
 56708 | Zot:1    | Received a gift from Okawaru
 57053 | Zot:2    | Noticed an orb of fire
 57058 | Zot:2    | Killed an orb of fire
 58024 | Zot:3    | Reached skill level 15 in Crossbows
 58030 | Zot:3    | Received a gift from Okawaru
 58406 | Zot:3    | Acquired the ring of Zephuitauf {rPois rF- rN++ rCorr}
 58407 | Zot:3    | Acquired the Compendium of Translocation
 58418 | Zot:3    | Learned a level 8 spell: Disjunction
 58578 | Zot:4    | Received a gift from Okawaru
 58672 | Zot:4    | Identified the +3 trident of Oclumuch {venom, rPois rC+
                  | Stlth+}
 59509 | Zot:5    | Entered Level 5 of the Realm of Zot
 59912 | Zot:5    | Identified the +0 pair of boots of Youthful Indiscretion
                  | {rC- rN+ rCorr SInv} (Okawaru gifted it to you on level 5
                  | of the Realm of Zot)
 59912 | Zot:5    | Received a gift from Okawaru
 60011 | Zot:5    | Noticed a Killer Klown
 60021 | Zot:5    | Killed a Killer Klown
 60176 | Zot:5    | Noticed a dread lich
 60185 | Arena    | Entered the Arena
 60190 | Arena    | Killed a dread lich
 60430 | Zot:5    | Noticed a dread lich
 60435 | Zot:5    | Noticed an orb of fire
 60436 | Arena    | Entered the Arena
 60438 | Arena    | Gained mutation: Armour fits poorly on your strangely
                  | shaped body. [an orb of fire]
 60443 | Arena    | Gained mutation: You are weak. (Str -2) [an orb of fire]
 60446 | Arena    | Killed an orb of fire
 60472 | Zot:5    | Killed a dread lich
 60569 | Zot:5    | Noticed a dread lich
 60576 | Zot:5    | Killed a dread lich
 60576 | Zot:5    | Noticed an orb of fire
 60582 | Zot:5    | Killed an orb of fire
 60644 | Zot:5    | Noticed a Killer Klown
 60678 | Zot:5    | Killed a Killer Klown
 60871 | Zot:5    | Received a gift from Okawaru
 60902 | Zot:5    | Noticed an orb of fire
 60912 | Zot:5    | Killed an orb of fire
 60920 | Zot:5    | Noticed a Killer Klown
 60931 | Zot:5    | Killed a Killer Klown
 60933 | Zot:5    | Noticed an orb of fire
 60933 | Zot:5    | Noticed a Killer Klown
 60934 | Zot:5    | Noticed an ancient lich
 60934 | Zot:5    | Gained mutation: Your body often deteriorates upon taking
                  | damage. [an orb of fire]
 60935 | Arena    | Entered the Arena
 60936 | Arena    | Killed an ancient lich
 60947 | Zot:5    | Killed an orb of fire
 60948 | Zot:5    | Noticed an ancient lich
 60952 | Zot:5    | Received a gift from Okawaru
 60956 | Arena    | Entered the Arena
 60958 | Arena    | Killed an ancient lich
 60976 | Zot:5    | Noticed an orb of fire
 60979 | Zot:5    | Noticed a Killer Klown
 60979 | Zot:5    | Noticed an ancient lich
 60983 | Zot:5    | Killed an orb of fire
 60984 | Zot:5    | Received a gift from Okawaru
 60986 | Zot:5    | Killed an ancient lich
 60993 | Zot:5    | HP: 8/226 [Orb Guardian (25)]
 60995 | Zot:5    | Killed from afar by an electric golem

Illustrated notes

Levels and vault maps discovered:
D:1:      amcnicky_arrival_abandoned_market, layout_basic, serial_shops, shop
D:2:      layout_basic, chequers_mini_garden, amcnicky_mini_corridor_feature,
          minmay_unequal
D:3:      layout_loops_cross, shapermc_ecumenical_altar_flowoftime, uniq_sigmund
D:4:      layout_basic, uniq_robin, uniq_ijyb
D:5:      layout_basic, minmay_temple_entry_mini_moons, serial_shops,
          nicolae_stop_n_shop_1, uniq_blork_the_orc
D:6:      layout_basic, uniq_grinder
D:7:      layout_rooms
D:8:      layout_basic, jmf_multi_god_temple2, serial_corexii_hall,
          corexii_hall_statues_l, corexii_hall_statues_t
D:9:      layout_rooms, orc_0_dummy, doesnt_shop_hydraphobe
D:10:     layout_small_grid, enter_trove_0, nicolae_shop_firing_range
D:11:     layout_loops_ring, lair_entry_dummy, nicolae_uskayaw_suspiria
D:12:     layout_loops_cross
D:13:     layout_cave_pods, erik_vaults_1, minmay_misc_feat_doors, uniq_sonja
D:14:     layout_rooms, serial_park_square3 [serial_park_minivault_5x5_5],
          drop_trap, uniq_jorgrun
D:15:     grunt_enter_depths_hoard, layout_cross, nrook_mini_backslash
Temple:   regret_index_temple_chain_breaker
Lair:1:   minmay_lair_oklob_tunnel, layout_regular_city, enter_volcano_2
Lair:2:   layout_hall_layers, spider_nest_entry_rubble, uniq_fannar,
          uniq_gastronok
Lair:3:   layout_cave_pods, swamp_mist, lemuel_old_faithful
Lair:4:   beast_lair_carwin_large_2, layout_cave_pods, serial_bayou_shore_b,
          infiniplex_staircase_pool_2, uniq_rupert
Lair:5:   layout_cave_pods, ebering_ghost_reflecting_pool, minivault_25,
          lemuel_fruit_tree, grunt_megastairs_3, uniq_snorg
Lair:6:   evilmike_catoblepas_cave, layout_cave_shapes, slime_altar_1,
          chequers_serial_rivers_small_b, nzn_masters_of_martial_movement
Swamp:1:  layout_basic_swamp, evilmike_swamp_ruin_house_4, swamp_pool4
Swamp:2:  layout_basic_swamp, nicolae_swamp_long_stream
Swamp:3:  layout_falls_marsh, nicolae_swamp_little_swirl, swamp_pool4
Swamp:4:  swamp_icy, layout_basic_swamp
Spider:1: layout_spider_delve, nicolae_spider_wall_of_niches
Spider:2: layout_spider_delve
Spider:3: spider_temple_joshua
Spider:4: spider_rune_water, uniq_arachne
Slime:1:  layout_caves
Slime:2:  layout_caves
Slime:3:  layout_caves, basic_altar
Slime:4:  layout_caves
Slime:5
Orc:1:    layout_caves
Orc:2:    st_orc_ogre_mass, layout_caves
Elf:1:    layout_onion_city, serial_shops, nicolae_shop_advertising_works
          [nicolae_subvault_shop_adworks], hangedman_elven_crosses_minicolossus,
          patterned_corridor, uniq_azrael
Elf:2:    elven_hall_of_blades_hangedman_alternative
          [nicolae_blade_entry_splitting_headache], layout_loops_cross,
          minivault_4, minmay_shop_star, uniq_louise
Elf:3:    grunt_elf_hall_diamonds, layout_gridlike, serial_shops,
          nicolae_shop_stone, grunt_megastairs_5
Vaults:1: v_misc_11, dpeg_vaults_monster_box, vaults_standard_mumra_x,
          vaults_mumra_minichess, vaults_room_hallway, hangedman_vaults_unwind,
          nicolae_vaults_specimen_jars, nicolae_vaults_sealed_display,
          ontoclasm_vaults_twist, layout_vaults_omnigrid
Vaults:2: vaults_dpeg_cross, ontoclasm_vaults_pinch,
          nicolae_vaults_stairing_the_circle, nicolae_vaults_mini_display_case,
          v_misc_2, nicolae_vaults_angled_halls, vaults_room_hallway,
          vaults_room_corners, ontoclasm_vaults_misaligned,
          layout_vaults_big_room, serial_shops, shop
Vaults:3: nicolae_vaults_windows_and_doors_thing, blue_anna_dwarven_crypt,
          st_greater_box_5, hangedman_vaults_corner, hangedman_vaults_trim,
          ontoclasm_vaults_fault, nicolae_vaults_network_square,
          vaults_mumra_chevron, grunt_vaults_trifunnel, vaults_room_semicircle,
          nicolae_vaults_alarming, layout_vaults_maze, serial_shops, shop,
          uniq_saint_roka
Vaults:4: v_pattern_3, ontoclasm_vaults_claustrophobia, hangedman_vaults_maws,
          nicolae_vaults_network_quinsquares
          [nicolae_vaults_network_quincunx_subvault,
          nicolae_vaults_network_quincunx_subvault,
          nicolae_vaults_network_quincunx_subvault,
          nicolae_vaults_network_quincunx_subvault], nicolae_vaults_asterisk,
          grunt_vaults_funnel, vaults_room_semicircle,
          nicolae_vaults_ring_of_whatevers, vaults_room_corners,
          grunt_vaults_twisty, v_alt_pattern_4, vaults_room_large_hall,
          layout_vaults_omnibox, serial_shops, nicolae_square_shop, uniq_donald,
          uniq_margery
Vaults:5
Crypt:1:  layout_chaotic_city, minmay_misc_feat_columns, grunt_megastairs_2,
          uniq_jory
Crypt:2:  layout_basic, grunt_megastairs_4
Crypt:3:  david_glass_crypt, layout_rooms,
          nicolae_tomb_entry_unfolded_pyramid_diagonal, mu_enter_wizlab_6
Tomb:1:   uniq_frederick
Depths:1: layout_twisted_cross, enter_ziggurat_e, serial_shops, shop_coins,
          nicolae_shop_bloodbath_and_beyond, grunt_hell_entry_dis_mu,
          abyss_entry, tso_altar, nicolae_danse_macabre, minmay_shoptagon,
          serial_bayou_shore_a
Depths:2: minmay_the_grid_triangle_9x9_recursive_2
          [minmay_the_grid_triangle_9x9_prize_center,
          minmay_the_grid_triangle_9x9_corruption,
          minmay_the_grid_triangle_9x9_shrine,
          minmay_the_grid_triangle_9x9_skeleton], layout_gridlike,
          rand_demon_pan_entry_8, serial_shops, freezing_bzr, hell_entry,
          infiniplex_staircase_pillars_3a, uniq_bai_suzhen
Depths:3: cheibrodos_salmonella, layout_gridlike, abyss_entry_glasseish,
          hell_entry, minmay_stone_trees_small, uniq_enchantress
Depths:4: hangedman_slaughterboxes, abyss_entry, hell_entry
Zot:1:    layout_onion_interference
Zot:2:    layout_misc_corridors
Zot:3:    layout_misc_corridors
Zot:4:    layout_cathedral_of_symmetry
Zot:5:    layout_twisted_circle

Skill      XL: |  1  2  3  4  5  6  7  8  9 10 11 12 13 14 15 16 17 18 19 20 21 22 23 24 25 26 27 |
---------------+----------------------------------------------------------------------------------+-----
Maces & Flails | 3 4 6 7 8 9 11 13 15 17 18 20 23 24 25 27 | 27.0
Dodging        | 1 2 4 5 8 11 13 14 15 16 | 16.0
Shields        | 4 5 8 11 13 15 16 17 18 19 | 19.4
Armour         | 4 5 6 7 10 11 13 14 15 16 18 | 18.2
Fighting       | 5 6 7 8 9 10 11 12 13 14 15 16 17 18 19 20 | 20.7
Invocations    | 2 5 8 10 12 | 12.0
Crossbows      | 2 6 8 10 11 19 | 19.0
Spellcasting   | 1 5 7 |  7.0
Translocations | 1 4 7 9 21 | 21.0
Hexes          | 5 |  5.0

Action                   |  1- 3 |  4- 6 |  7- 9 | 10-12 | 13-15 | 16-18 | 19-21 | 22-24 | 25-27 || total
-------------------------+-------+-------+-------+-------+-------+-------+-------+-------+-------++-------
Melee: Flail             |    71 |       |   128 |    83 |       |       |       |       |       ||   282
       Short sword       |    26 |    98 |   266 |   245 |    51 |       |       |       |       ||   686
       Great mace        |       |       |       |   235 |   227 |       |       |       |       ||   462
       Maul              |       |       |       |       |   279 |   639 |   572 |   708 |  1448 ||  3646
 Fire: Longbow           |       |       |       |       |    28 |   103 |    12 |       |       ||   143
       Arbalest          |       |       |       |       |       |       |    41 |     3 |   229 ||   273
       Triple crossbow   |       |       |       |       |       |       |       |       |   101 ||   101
Throw: Throwing net      |       |       |       |       |       |       |       |       |     3 ||     3
       Dart              |       |       |       |       |       |       |       |       |     1 ||     1
 Cast: Portal Projectile |       |       |       |       |       |       |       |       |     6 ||     6
       Apportation       |       |       |       |       |       |       |       |       |     1 ||     1
Invok: Heroism           |       |       |     5 |    11 |    11 |    15 |     8 |       |     4 ||    54
       Finesse           |       |       |       |       |     2 |     6 |     8 |    12 |    21 ||    49
       Duel              |       |       |       |       |       |     1 |       |     2 |    11 ||    14
 Abil: Dig               |       |     3 |    10 |    19 |    26 |    15 |    15 |     1 |    29 ||   118
Evoke: Wand              |       |       |     2 |     6 |       |       |       |       |       ||     8
       Condenser vane    |       |       |       |       |       |     1 |       |       |       ||     1
  Use: Potion            |       |     1 |       |     1 |       |     5 |     4 |     3 |    20 ||    34
       Scroll            |       |       |    10 |     8 |     8 |     7 |     1 |     2 |    24 ||    60
 Stab: Paralysed         |       |       |     5 |       |       |       |       |       |       ||     5
       Confused          |       |       |       |       |       |     2 |       |       |       ||     2
       Fleeing           |       |       |       |       |       |       |       |       |     1 ||     1
       Held in net/web   |       |       |       |       |       |       |       |       |     1 ||     1
       Distracted        |       |       |       |       |       |       |       |       |     1 ||     1
Armor: Swamp dragon scal |    49 |    41 |   150 |    91 |       |       |       |       |       ||   331
       Crystal plate arm |       |       |       |    76 |   244 |   594 |   330 |   472 |   997 ||  2713
Dodge: Dodged            |    58 |    35 |   199 |   253 |   154 |   357 |   167 |   314 |   677 ||  2214
       Repelled          |       |       |       |       |       |       |     4 |     2 |    52 ||    58
Block: Buckler           |    16 |    26 |    73 |   181 |       |       |       |       |       ||   296
       Tower shield      |       |       |       |    10 |   553 |  1186 |   656 |   957 |  1902 ||  5264

Table legend: (Time is in decaauts)
 A = Elapsed time spent in this place.
 B = Non-inter-level travel time spent in this place.
 C = Inter-level travel time spent in this place.
 D = Time resting spent in this place.
 E = Time spent auto-exploring this place.
 F = Levels seen in this place.
 G = Mean time per level.
                   A        B        C        D        E       F      G
               +--------+--------+--------+--------+--------+-----+--------+
         Total |  63355 |  57056 |   6299 |   5156 |  34476 |  79 |  802.0 |
       Dungeon |  16001 |  13788 |   2213 |   1082 |   9455 |  15 | 1066.7 |
        Temple |    179 |    133 |     46 |      0 |    113 |   1 |  179.0 |
          Lair |   6974 |   6034 |    940 |    474 |   3617 |   6 | 1162.3 |
         Swamp |   3658 |   3532 |    126 |    306 |   2179 |   4 |  914.5 |
   Spider Nest |   4249 |   4034 |    215 |    130 |   2416 |   4 | 1062.2 |
    Slime Pits |   1188 |   1139 |     49 |    552 |      0 |   5 |  237.6 |
  Orcish Mines |   2054 |   1899 |    155 |    262 |    781 |   2 | 1027.0 |
   Elven Halls |   4079 |   3861 |    218 |    322 |   2525 |   3 | 1359.7 |
        Vaults |   8590 |   7541 |   1049 |    564 |   4768 |   5 | 1718.0 |
         Crypt |   2616 |   2389 |    227 |     50 |   1590 |   3 |  872.0 |
          Tomb |    958 |    807 |    151 |    118 |    344 |   1 |  958.0 |
        Depths |   6339 |   5575 |    764 |    561 |   3311 |   4 | 1584.8 |
           Zot |   5383 |   5242 |    141 |    584 |   3265 |   5 | 1076.6 |
         Abyss |    237 |    237 |      0 |      0 |     19 |   3 |   79.0 |
        Bazaar |     65 |     65 |      0 |      7 |      0 |   1 |   65.0 |
         Trove |    113 |    113 |      0 |      0 |      0 |   1 |  113.0 |
       Volcano |    287 |    287 |      0 |     48 |     91 |   1 |  287.0 |
        Wizlab |    150 |    150 |      0 |      0 |      0 |   1 |  150.0 |
         Arena |    227 |    227 |      0 |     93 |      0 |  14 |   16.2 |
               +--------+--------+--------+--------+--------+-----+--------+

Top non-repeatable levels by time:
Vaults:1: 2114 daAuts
Vaults:3: 1911 daAuts
Vaults:4: 1857 daAuts
Depths:2: 1816 daAuts
Depths:4: 1677 daAuts
Depths:3: 1671 daAuts
Spider:3: 1645 daAuts
     D:4: 1609 daAuts
  Lair:1: 1571 daAuts
   Elf:2: 1490 daAuts
Vaults:2: 1450 daAuts
   Zot:5: 1400 daAuts
   Elf:1: 1355 daAuts
   Zot:1: 1338 daAuts
     D:8: 1328 daAuts
